 Dungeon Crawl Stone Soup version 0.29.1-13-g9f3cf754e1 (webtiles) character file.

Game seed: 1946266532320378693

4477 cheesebisquit the Geomancer (level 10, -4/54 HPs)
             Began as a Gargoyle Earth Elementalist on Jan 21, 2023.
             Was a Believer of Vehumet.
             Slain by a wolf (7 damage)
             ... led by Grum
             ... on level 8 of the Dungeon.
             The game lasted 00:38:48 (8298 turns).

cheesebisquit the Geomancer (GrEE)                  Turns: 8298, Time: 00:38:49

Health: -4/54      AC: 11    Str: 19    XL:     10   Next: 38%
Magic:  13/20      EV: 11    Int: 19    God:    Vehumet [**....]
Gold:   492        SH:  0    Dex: 10    Spells: 18/22 levels left

rFire   . . .      SeeInvis .   D - +3 flail
rCold   . . .      Faith    .   (no shield)
rNeg    + . .      Spirit   .   C - +1 robe {Will+}
rPois   ∞          Reflect  .   (no helmet)
rElec   +          Harm     .   (no cloak)
rCorr   .          Rampage  .   (no gloves)
Will    +....                   r - +0 pair of boots
Stlth   ++........              A - amulet of regeneration
HPRegen 0.98/turn               t - ring of wizardry
MPRegen 0.17/turn               u - +6 ring of strength

@: about to teleport
A: sickness immunity, AC +7, negative energy resistance 1, electricity
resistance, torment resistance 1, petrification resistance
a: Renounce Religion


You were on level 8 of the Dungeon.
You worshipped Vehumet.
Vehumet was pleased with you.
You visited 2 branches of the dungeon, and saw 9 of its levels.

You collected 492 gold pieces.

Inventory:

Hand Weapons
 f - a +0 sling
 D - a +3 flail (weapon)
Missiles
 c - 5 silver javelins
 g - 133 stones
 n - 16 poisoned darts
 q - 5 datura-tipped darts
Armour
 a - a +0 robe
 r - a +0 pair of boots (worn)
 v - a +1 leather armour of fire resistance
 B - a +3 leather armour
 C - a +1 robe of willpower (worn)
Jewellery
 t - a ring of wizardry (left hand)
 u - a +6 ring of strength (right hand)
 A - an amulet of regeneration (around neck)
Wands
 p - a wand of charming (8)
 w - a wand of roots (7)
Scrolls
 d - 2 scrolls of silence
 j - 7 scrolls of teleportation
 k - a scroll of fear {unknown}
 s - a scroll of enchant weapon {unknown}
 y - a scroll of summoning {unknown}
 E - a scroll of fog {unknown}
Potions
 b - a potion of magic
 h - 8 potions of curing
 i - 2 potions of brilliance
 l - 3 potions of attraction {unknown}
 m - a potion of berserk rage {unknown}
 o - 2 potions of heal wounds {unknown}
 x - a potion of lignification {unknown}
 z - a potion of ambrosia {unknown}


   Skills:
 + Level 2.7 Fighting
 - Level 1.5 Dodging
 + Level 3.8 Stealth
 + Level 6.7 Spellcasting
 + Level 7.3 Conjurations
 - Level 0.7 Transmutations
 * Level 12.9 Earth Magic


You had 18 spell levels left.
You knew the following spells:

 Your Spells              Type           Power      Damage    Failure   Level
a - Sandblast             Erth           100%       2d20      1%          1
b - Stone Arrow           Conj/Erth      88%        3d12      1%          3

Your spell library contained the following spells:

 Spells                   Type           Power      Damage    Failure   Level
 Shock                    Conj/Air       80%        1d8       1%          1
 Foxfire                  Conj/Fire      80%        2x1d8     1%          1
 Magic Dart               Conj           100%       1d8       1%          1
 Passwall                 Tmut/Erth      26%        N/A       1%          2
 Static Discharge         Conj/Air       20%        3-6/arc   1%          2
 Conjure Flame            Conj/Fire      20%        6-21      2%          3
 Leda's Liquefaction      Hex/Erth       15%        N/A       2%          4
 Petrify                  Tmut/Erth      32%        N/A       2%          4
 Apportation              Tloc           12%        N/A       4%          1
 Necrotise                Necr           24%        1d5       4%          1
 Summon Small Mammal      Summ           24%        N/A       4%          1
 Mephitic Cloud           Conj/Pois/Air  15%        N/A       4%          3
 Call Imp                 Summ           6%         N/A       6%          2
 Flame Wave               Conj/Fire      20%        2d7       9%          4
 Call Canine Familiar     Summ           6%         N/A       12%         3
 Inner Flame              Hex/Fire       6%         N/A       12%         3
 Portal Projectile        Hex/Tloc       12%        N/A       12%         3
 Lightning Bolt           Conj/Air       10%        1d23      26%         5
 Freezing Cloud           Conj/Ice/Air   7%         6-21      38%         5
 Simulacrum               Ice/Necr       3%         N/A       99%         6
 Maxwell's Capacitive Co  Air            3%         ∞         100%        8
 Polar Vortex             Ice            3%         N/A       100%        9


Dungeon Overview and Level Annotations

Branches:
Dungeon (8/15)             Temple (1/1) D:6            Lair (0/5) D:8

Altars:
Ashenzari
Cheibriados
Dithmenos
Elyvilon
Fedhas
Gozag
Hepliaklqana
Kikubaaqudgha
Makhleb
Nemelex Xobeh
Okawaru
Qazlal
Ru
Sif Muna
Trog
Uskayaw
Vehumet
Wu Jian
Xom
Yredelemnul
Zin
The Shining One

Annotations:
D:7 3 runed translucent doors, mikeweasel's ghost, novice TrFi
D:8 2 transporters, Grum; hawla's ghost, novice MeFE


Innate Abilities, Weirdness & Mutations

You are immune to sickness and miasma.
Your stone body is resilient. (AC +7)
You are immune to poison.
You resist negative energy. (rN+)
You are resistant to electric shocks. (rElec)
You are resistant to unholy torment.
You are immune to petrification.


Message History

The wolf is severely wounded.
The wolf misses you. The wolf bites you. The wolf barely misses you.
The blast of sand hits the wolf!
You kill the wolf!
Vehumet accepts your kill. Vehumet offers you knowledge of Shock.
The wolf bites you. The wolf bites you but does no damage.
The blast of sand hits the wolf!!
You kill the wolf!
Vehumet accepts your kill.
Grum sniffs the air and quickly glances around.
The wolf bites you but does no damage.
Grum hits you from afar with a +1 halberd of protection.
The blast of sand misses the wolf.
The blast of sand hits the orc warrior!
The orc warrior is heavily wounded.
The wolf bites you. The wolf bites you!
Grum zaps a wand.
The roots erupt in riotous growth!
The wolf is unaffected.
The orc warrior is unaffected.
The grasping roots grab you!
Grum is unaffected.
The grasping roots constrict you. The wolf bites you.
You are too injured to fight recklessly!
Casting: Sandblast (safe; 1% risk of failure)
Confirm with . or Enter, or press ? or * to list all spells.
Aiming: Stone Arrow (safe; 1% risk of failure)
Press: ? - help, Shift-Dir - straight line, f/p - wolf
Aim: a wolf (60% to hit)
The stone arrow hits the wolf!
The wolf is severely wounded.
The wolf bites you but does no damage.
Grum hits you from afar with a +1 halberd of protection!
* * * LOW HITPOINT WARNING * * *
The grasping roots constrict you.
* * * LOW HITPOINT WARNING * * *
The grasping roots release their grip on you.
Okay, then.
As you read the scroll of teleportation, it crumbles to dust.
You feel strangely unstable. The wolf bites you.
* * * LOW HITPOINT WARNING * * *
Grum misses you. The wolf bites you!
You die...

....'......#......
...#.........##..
#..#.........#
#..#.........###
#......###.....###
#o................
#og...............
#h###'#...........
#@#...............
#...........###
#########....<#
#.........
###.......
#....... ........
.........
......##..


You could see Grum, an orc warrior, a wolf and an orc.

Vanquished Creatures
  6 yaks
  2 steam dragons
  A water moccasin (D:6)
  2 black bears
  An orc warrior (D:8)
  3 ice beasts (D:5)
  3 ogres
  3 wolves (D:8)
  2 phantoms
  An elf zombie (D:4)
  A kobold brigand (D:8)
  2 bullfrogs
  A gnoll sergeant (D:5)
  2 elf skeletons (D:4)
  4 scorpions
  3 wights (D:7)
  6 killer bees (D:8)
  3 electric eels (D:7)
  5 hounds
  6 orc priests
  A jelly (D:8)
  Jessica (D:3)
  Terence (D:3)
  2 human skeletons (D:4)
  2 iguanas
  5 orc wizards
  7 gnolls
  4 adders
  An ufetubus (D:5)
  A worm (D:2)
  24 orcs
  9 endoplasms
  9 giant cockroaches
  10 goblins
  7 hobgoblins
  4 jackals (D:2)
  14 kobolds
  7 quokkas
  4 ball pythons
  6 bats
  3 frilled lizards
  An orc zombie (D:4)
  7 rats
187 creatures vanquished.

Vanquished Creatures (others)
  A white imp (D:6)
  3 plants (D:7)
  5 toadstools (D:6)
9 creatures vanquished.

Grand Total: 196 creatures vanquished

Notes
Turn   | Place    | Note
-------+----------+-------------------------------------------
     0 | D:1      | cheesebisquit the Gargoyle Earth Elementalist began the
                  | quest for the Orb.
     0 | D:1      | Reached XP level 1. HP: 10/10 MP: 3/3
   126 | D:1      | Reached skill level 4 in Earth Magic
   153 | D:1      | Reached XP level 2. HP: 15/15 MP: 3/5
   645 | D:2      | Found a faded altar of an unknown god.
   746 | D:2      | Reached skill level 5 in Earth Magic
   746 | D:2      | Reached XP level 3. HP: 19/19 MP: 1/6
   994 | D:2      | You fall into a shaft and drop 2 floors!
  1156 | D:2      | Noticed a black bear
  1160 | D:2      | Killed a black bear
  1161 | D:2      | Reached skill level 6 in Earth Magic
  1161 | D:2      | Reached XP level 4. HP: 12/24 MP: 2/8
  1161 | D:2      | Reached XP level 5. HP: 14/28 MP: 2/9
  1165 | D:2      | Learned a level 3 spell: Stone Arrow
  1980 | D:3      | Noticed Jessica
  1984 | D:3      | Killed Jessica
  1985 | D:3      | Reached skill level 1 in Conjurations
  2289 | D:3      | Noticed Terence
  2295 | D:3      | Killed Terence
  2296 | D:3      | Reached XP level 6. HP: 32/32 MP: 4/10
  2645 | D:4      | Reached skill level 7 in Earth Magic
  3235 | D:4      | Reached XP level 7. HP: 32/36 MP: 6/12
  3291 | D:4      | Reached skill level 8 in Earth Magic
  3820 | D:5      | Entered Level 5 of the Dungeon
  4122 | D:5      | Reached skill level 9 in Earth Magic
  4122 | D:5      | Reached XP level 8. HP: 41/41 MP: 8/14
  4798 | D:5      | Found a glowing golden altar of the Shining One.
  4802 | D:5      | Found a bloodstained altar of Trog.
  4802 | D:5      | Found an iron altar of Okawaru.
  4813 | D:5      | Found a snail-covered altar of Cheibriados.
  4816 | D:5      | Found a radiant altar of Vehumet.
  4823 | D:5      | Became a worshipper of Vehumet
  4909 | D:5      | Reached skill level 10 in Earth Magic
  5235 | D:6      | Reached skill level 5 in Spellcasting
  5235 | D:6      | Reached skill level 5 in Conjurations
  5337 | D:6      | Reached XP level 9. HP: 32/45 MP: 5/16
  5712 | D:6      | Reached skill level 11 in Earth Magic
  6091 | D:6      | Found a staircase to the Ecumenical Temple.
  6100 | Temple   | Entered the Ecumenical Temple
  6100 | Temple   | Found a transporter.
  6100 | Temple   | Found a transporter.
  6102 | Temple   | Found a transporter.
  6102 | Temple   | Found a transporter.
  6871 | D:7      | Reached * piety under Vehumet
  6871 | D:7      | Offered knowledge of Foxfire by Vehumet.
  7416 | D:7      | Found a runed translucent gate.
  7417 | D:7      | Found a runed translucent gate.
  7417 | D:7      | Noticed mikeweasel's ghost (novice TrFi)
  7418 | D:7      | Found a runed translucent gate.
  7422 | D:7      | Identified the +5 chain mail of Ofaapp {rElec Str+5 Int+3}
  7576 | D:7      | Reached skill level 12 in Earth Magic
  7786 | D:8      | Found a staircase to the Lair.
  7831 | D:8      | Found a transporter.
  7842 | D:8      | Found a transporter.
  7843 | D:8      | Noticed hawla's ghost (novice MeFE)
  7856 | D:8      | Reached skill level 1 in Fighting
  7872 | D:8      | Reached XP level 10. HP: 24/52 MP: 0/19
  7878 | D:8      | Noticed a two-headed ogre
  7937 | D:8      | Noticed a moth of wrath
  8098 | D:8      | Found a bloodstained altar of Trog.
  8284 | D:8      | Noticed Grum
  8294 | D:8      | Reached ** piety under Vehumet
  8294 | D:8      | Offered knowledge of Shock by Vehumet.
  8298 | D:8      | Slain by a wolf

Illustrated notes

Levels and vault maps discovered:
D:1:      dpeg_arrival_tiny_a, layout_rooms, minmay_indecisive_spiral
D:2:      layout_basic, dreamdust_ecumenical_altar_statues,
          minmay_worlds_worst_comb
D:3:      wander_river, layout_rooms, uniq_jessica, uniq_terence
D:4:      layout_loops_cross, nicolae_ossuary_entry_catacombs
D:5:      layout_cave_pools, minmay_overflow_temple_star_hex
D:6:      layout_basic, lemuel_temple_firewalk_a, minmay_gold_behind_fungi
D:7:      layout_cave_pools, serial_bayou, serial_bayou_pond_e,
          serial_bayou_pond_d, serial_bayou_lagoon_b, serial_bayou_pond_d,
          biasface_ghost_orc_armoury, david_defended_altar_orc
D:8:      layout_basic, lair_entry_dummy, gammafunk_ghost_wrathful_warriors,
          kennysheep_cross_bottleneck, uniq_grum
Temple:   hellmonk_temple_divided_pantheon

Skill      XL: |  1  2  3  4  5  6  7  8  9 10 |
---------------+-------------------------------+-----
Earth Magic    | 4 5 6 7 9 10 12 | 12.9
Spellcasting   | 3 4 5 6 |  6.7
Conjurations   | 1 2 3 5 6 7 |  7.3
Fighting       | 1 2 |  2.7
Stealth        | 3 |  3.8
Dodging        | |  1.5
Transmutations | |  0.7

Action                   |  1- 3 |  4- 6 |  7- 9 | 10-12 || total
-------------------------+-------+-------+-------+-------++-------
Melee: Unarmed           |     7 |       |       |       ||     7
       Whip              |       |     4 |       |       ||     4
       Flail             |       |       |    24 |     4 ||    28
 Fire: Sling             |     8 |       |       |       ||     8
 Cast: Sandblast         |    36 |    97 |    87 |    26 ||   246
       Stone Arrow       |       |       |    64 |     6 ||    70
  Use: Scroll            |     5 |     1 |     3 |     2 ||    11
       Potion            |       |     2 |       |       ||     2
Armor: Robe              |    10 |     9 |    26 |    19 ||    64
Dodge: Dodged            |     7 |    19 |    44 |    18 ||    88
